 Dungeon Sprint DCSS version 0.31-a0-851-g7ff8af7976 (webtiles) character file.

Game seed: 15621515756132848089

36851 sircluck the Brawler (level 13, -4/152 (157) HPs)
             Began as a Troll Berserker on Oct 5, 2023.
             Was an Elder of Trog.
             Slain by an Executioner (17 damage)
             ... in the Dungeon (Sprint VII: "The Pits").
             The game lasted 00:11:07 (2317 turns).

sircluck the Brawler (Troll Berserker)              Turns: 2317, Time: 00:11:08

HP:   -4/152 (157)  AC:  6    Str: 32    XL:     13   Next: 55%
MP:   12/12         EV: 17    Int:  6    God:    Trog [****..]
Gold: 29            SH:  0    Dex:  9    Spells: 12/12 levels left

rFire   . .          .
                       - Unarmed
rCold   . . .        (no shield)
rNeg    . . .        l - +0 troll leather armour {Pargi}
rPois   .            g - +0 hat {Int+3}
rElec   .            y - scarf {+Inv}
rCorr   .            (gloves unavailable)
SInv    .            (boots unavailable)
Will    .....        (no amulet)
Stlth   +            n - +3 ring of evasion
HPRegen 2.05/turn    (no ring)
MPRegen 0.13/turn

%: no teleportation
@: studying Invocations, lightly drained
A: large, unfitting armour, claws 3, regeneration 1, shaggy fur 1, tough skin 1
a: Renounce Religion, Evoke Invisibility, Berserk, Trog's Hand, Brothers in Arms


You were in the Dungeon.
You worshipped Trog.
Trog was greatly pleased with you.
You visited 1 branch You collected 29 gold pieces.

Inventory:

Missiles
 k - 21 stones
 q - 2 throwing nets
 A - 4 poisoned darts
Armour
 a - a +0 animal skin
 g - a +0 hat of intelligence (worn)
 l - a +0 troll leather armour (worn) {Pargi}
 y - a scarf of invisibility (worn)
Jewellery
 m - a +3 ring of intelligence
 n - a +3 ring of evasion (left claw)
 s - a ring of poison resistance
 x - a ring of willpower
 z - a ring of protection from cold
 B - a ring of poison resistance
Wands
 p - a wand of polymorph (6)
Scrolls
 i - 2 scrolls of vulnerability
 j - a scroll of butterflies
 t - 4 scrolls of enchant armour
 u - 6 scrolls of enchant weapon
 v - 2 scrolls of fear
Potions
 b - 8 potions of curing
 c - 16 potions of heal wounds
 d - 3 potions of haste
 e - 4 potions of magic
 f - 3 potions of berserk rage
 h - 2 potions of invisibility
 o - a potion of mutation
 r - 2 potions of might


   Skills:
 + Level 17.6 Fighting
 + Level 10.5 Armour
 + Level 17.4 Dodging
 + Level 20.4 Unarmed Combat


You had 12 spell levels left.
You didn't know any spells.
Your spell library was empty.

Dungeon Overview and Level Annotations

Branches:
Dungeon (1/1)

Altars:
Ashenzari
Cheibriados
Dithmenos
Elyvilon
Fedhas
Gozag
Hepliaklqana
Kikubaaqudgha
Makhleb
Nemelex Xobeh
Okawaru
Qazlal
Ru
Sif Muna
Trog
Uskayaw
Vehumet
Wu Jian
Xom
Yredelemnul
Zin
The Shining One
Jiyva
Lugonu


Innate Abilities, Weirdness & Mutations

You are too large for most types of armour.
You have claws for hands.
Your natural rate of healing is unusually fast.
You are covered in fur. (AC +1)
You have tough skin. (AC +1)


Message History

There is an open door here.
Unknown command.
Unknown command.
Unknown command.
Unknown command.
The Executioner hits your deep troll!!
Your deep troll dies!
Your deep troll's corpse disappears in a puff of smoke!
Your ogre goes berserk!
The Executioner hits you!
The Executioner hits you but does no damage.
The Executioner hits you. x3
* * * LOW HITPOINT WARNING * * *
The Executioner hits you.
* * * LOW HITPOINT WARNING * * *
The Executioner hits you!
* * * LOW HITPOINT WARNING * * *
The Executioner hits you but does no damage.
The Executioner hits you.
* * * LOW HITPOINT WARNING * * *
You swap places.
The Executioner hits your ogre. The Executioner hits your ogre!
The Executioner hits your ogre. The Executioner hits your ogre! x2
The Executioner barely misses your ogre.
Your ogre misses the Executioner. The Executioner hits your ogre!!
Your ogre dies!
Your ogre's corpse disappears in a puff of smoke!
The eidolon stares piercingly at you.
The bolt of negative energy hits the tentacled monstrosity.
The tentacled monstrosity completely resists.
The bolt of negative energy hits the Executioner.
The Executioner completely resists.
The bolt of negative energy hits you!!
You feel drained.
* * * LOW HITPOINT WARNING * * *
Unknown command.
Unknown command.
As you read the scroll of fog, it dissolves into smoke.
You are no longer terrified.
The Executioner hits you!
You die... #...# DCC

#W# #W# #.# #X#
#§# #1# #@# #§#
#§# #'# #.# #)#
#.# #'#
################'#


You could see an Executioner (fast).

Vanquished Creatures
  A Hell Sentinel (D)
  Gastronok (D)
  An azure jelly (D)
  A war gargoyle (D)
  A two-headed ogre (D)
  A boulder beetle (D)
  An alligator (D)
  A death yak (D)
  A sun demon (D)
  2 spriggans (D)
  A sea snake (D)
  A deep elf zephyrmancer (D)
  2 orc knights (D)
  A deep elf pyromancer (D)
  A lindwurm (D)
  A cyclops (D)
  A manticore (D)
  A molten gargoyle (D)
  2 orange demons (D)
  A gargoyle (D)
  Psyche (D)
  A guardian mummy (D)
  2 ice devils (D)
  A wind drake (D)
  A hornet (D)
  A troll (D)
  A tarantella (D)
  A tyrant leech (D)
  3 dream sheep (D)
  A jumping spider (D)
  2 shadows (D)
  5 slime creatures (D)
  Sigmund (D)
  A water elemental (D)
  4 redbacks (D)
  A steam dragon (D)
  2 wargs (D)
  2 acid dragons (D)
  A floating eye (D)
  Pargi (D)
  2 orc warriors (D)
  7 wolves (D)
  A gnoll sergeant (D)
  2 scorpions (D)
  A quasit (D)
  2 orc priests (D)
  A hound (D)
  2 gnoll boudas (D)
  An iron imp (D)
  An orc wizard (D)
  A mummy (D)
  2 adders (D)
  9 gnolls (D)
  2 white imps (D)
  An adder skeleton (D)
  A worm (D)
  8 orcs (D)
  2 endoplasms (D)
  A giant cockroach (D)
  4 kobolds (D)
  A bat simulacrum (D)
  A frilled lizard (D)
  A quokka zombie (D)
110 creatures vanquished.

Vanquished Creatures (collateral kills)
  A titan (D)
  A quicksilver dragon (D)
  A nagaraja (D)
  A draconian scorcher (D)
  2 ghost moths (D)
  2 apis (D)
  A yellow draconian (D)
  A black draconian (D)
  A great orb of eyes (D)
  An ice dragon (D)
  Harold (D)
  2 death knights (D)
  An alligator (D)
  A demonic crawler (D)
  A vampire mage (D)
  An orc high priest (D)
  A deep elf pyromancer (D)
  2 deep elf zephyrmancers (D)
  An orange demon (D)
  A red devil (D)
  A tormentor (D)
  A large abomination (D)
  3 blink frogs (D)
  A dream sheep (D)
  A slime creature (D)
  A water elemental (D)
  2 redbacks (D)
  A neqoxec (D)
  A floating eye (D)
  4 wolves (D)
  A centaur (D)
  A hell rat (D)
  A gnoll (D)
43 creatures vanquished.

Vanquished Creatures (others)
  3 gnolls (D)
3 creatures vanquished.

Grand Total: 156 creatures vanquished

Notes
Turn   | Place    | Note
-------+----------+-------------------------------------------
     0 | D        | sircluck the Troll Berserker began the quest for the Orb.
     0 | D        | Reached XP level 1. HP: 22/22 MP: 0/0
    22 | D        | Found a bloodstained altar of Trog.
    22 | D        | Found a shimmering blue altar of Sif Muna.
    22 | D        | Found a viscous altar of Jiyva.
    22 | D        | Found a hazy altar of Hepliaklqana.
    22 | D        | Found an opulent altar of Gozag.
    23 | D        | Found a glowing golden altar of the Shining One.
    23 | D        | Found a glowing silver altar of Zin.
    23 | D        | Found a basalt altar of Yredelemnul.
    23 | D        | Found a shimmering altar of Xom.
    23 | D        | Found an ornate altar of the Wu Jian Council.
    23 | D        | Found a sacrificial altar of Ru.
    23 | D        | Found a stormy altar of Qazlal.
    23 | D        | Found an iron altar of Okawaru.
    23 | D        | Found a sparkling altar of Nemelex Xobeh.
    23 | D        | Found a burning altar of Makhleb.
    23 | D        | Found a blossoming altar of Fedhas.
    23 | D        | Found a white marble altar of Elyvilon.
    23 | D        | Found a shadowy altar of Dithmenos.
    23 | D        | Found a snail-covered altar of Cheibriados.
    26 | D        | Found a corrupted altar of Lugonu.
    26 | D        | Found a radiant altar of Vehumet.
    27 | D        | Found an ancient bone altar of Kikubaaqudgha.
    27 | D        | Found a hide-covered altar of Uskayaw.
    27 | D        | Found a broken altar of Ashenzari.
    66 | D        | Noticed a scorpion
    69 | D        | Killed a scorpion
    70 | D        | Reached skill level 5 in Unarmed Combat
    70 | D        | Reached XP level 2. HP: 18/32 MP: 1/1
    70 | D        | Reached XP level 3. HP: 22/39 MP: 2/2
   100 | D        | Noticed a scorpion
   105 | D        | Killed a scorpion
   105 | D        | Reached ** piety under Trog
   106 | D        | Reached skill level 5 in Fighting
   106 | D        | Reached skill level 5 in Dodging
   106 | D        | Reached skill level 6 in Unarmed Combat
   106 | D        | Reached XP level 4. HP: 41/50 MP: 3/3
   125 | D        | Reached *** piety under Trog
   127 | D        | Reached XP level 5. HP: 22/57 MP: 4/4
   178 | D        | Noticed a floating eye
   179 | D        | Killed a floating eye
   180 | D        | Reached skill level 7 in Unarmed Combat
   203 | D        | Noticed Pargi
   205 | D        | Noticed Sigmund
   213 | D        | Reached **** piety under Trog
   220 | D        | Killed Pargi
   221 | D        | Reached skill level 8 in Unarmed Combat
   221 | D        | Reached XP level 6. HP: 71/71 MP: 5/5
   230 | D        | Killed Sigmund
   231 | D        | Reached skill level 9 in Unarmed Combat
   232 | D        | Reached XP level 7. HP: 79/79 MP: 6/6
   253 | D        | Reached ***** piety under Trog
   272 | D        | Received a gift from Trog
   323 | D        | Reached skill level 10 in Unarmed Combat
   365 | D        | Noticed a manticore
   371 | D        | Received a gift from Trog
   371 | D        | Found the +3 giant club "Skullcrusher" {speed, Str+7}
   372 | D        | Reached XP level 8. HP: 85/92 MP: 7/7
   379 | D        | Reached skill level 11 in Unarmed Combat
   385 | D        | Killed a manticore
   386 | D        | Reached skill level 10 in Fighting
   386 | D        | Identified the +6 giant spiked club of the Snake Pit
                  | {antimagic, Drain rF- rC+ Str+2 Dex+2} (Trog gifted it to
                  | you in the Dungeon)
   386 | D        | Received a gift from Trog
   387 | D        | Reached skill level 10 in Dodging
   683 | D        | Noticed a yellow draconian
   683 | D        | Noticed an alligator
   683 | D        | Noticed a deep elf zephyrmancer
   683 | D        | Killed a deep elf zephyrmancer
   684 | D        | Reached skill level 12 in Unarmed Combat
   684 | D        | Reached XP level 9. HP: 79/102 MP: 8/8
   684 | D        | Noticed a large abomination
   684 | D        | Killed a large abomination
   686 | D        | Killed an alligator
   687 | D        | Reached skill level 13 in Unarmed Combat
   687 | D        | Killed a yellow draconian
   687 | D        | Noticed a red draconian scorcher
   688 | D        | Killed a red draconian scorcher
   688 | D        | Noticed a death knight
   689 | D        | Reached skill level 14 in Unarmed Combat
   689 | D        | Reached XP level 10. HP: 100/115 MP: 9/9
   690 | D        | Killed a death knight
   690 | D        | Received a gift from Trog
   692 | D        | Killed a ghost moth
   693 | D        | Noticed a death knight
   693 | D        | Killed a death knight
   694 | D        | Reached skill level 15 in Unarmed Combat
   776 | D        | Noticed a deep elf pyromancer
   794 | D        | Killed a deep elf pyromancer
   799 | D        | Reached XP level 11. HP: 27/127 MP: 10/10
   856 | D        | Noticed an orc knight
   870 | D        | Killed an orc knight
   871 | D        | Reached skill level 16 in Unarmed Combat
   875 | D        | Received a gift from Trog
   953 | D        | Noticed an alligator
   961 | D        | Killed an alligator
  1111 | D        | Noticed Gastronok
  1114 | D        | Received a gift from Trog
  1123 | D        | Killed Gastronok
  1139 | D        | Noticed a great orb of eyes
  1139 | D        | Noticed a vampire mage
  1146 | D        | Killed a vampire mage
  1147 | D        | Reached skill level 1 in Armour
  1147 | D        | Reached skill level 17 in Unarmed Combat
  1149 | D        | Noticed a lindwurm
  1150 | D        | Killed a great orb of eyes
  1153 | D        | Killed a lindwurm
  1351 | D        | Noticed a death yak
  1351 | D        | Noticed Psyche
  1367 | D        | Killed a death yak
  1368 | D        | Noticed a deep elf zephyrmancer
  1370 | D        | Reached skill level 15 in Fighting
  1378 | D        | Killed Psyche
  1380 | D        | Received a gift from Trog
  1384 | D        | Killed a deep elf zephyrmancer
  1385 | D        | Reached skill level 15 in Dodging
  1487 | D        | Received a gift from Trog
  1497 | D        | Reached XP level 12. HP: 124/143 MP: 11/11
  1527 | D        | Reached skill level 5 in Armour
  1529 | D        | Reached ****** piety under Trog
  1540 | D        | Noticed a two-headed ogre
  1540 | D        | Noticed Harold
  1544 | D        | Received a gift from Trog
  1550 | D        | Killed a two-headed ogre
  1551 | D        | Reached skill level 18 in Unarmed Combat
  1553 | D        | Killed Harold
  1616 | D        | Received a gift from Trog
  1623 | D        | Noticed a boulder beetle
  1630 | D        | Killed a boulder beetle
  1878 | D        | Received a gift from Trog
  1900 | D        | Noticed a war gargoyle
  1904 | D        | Received a gift from Trog
  1913 | D        | Killed a war gargoyle
  1920 | D        | Reached skill level 19 in Unarmed Combat
  1925 | D        | Received a gift from Trog
  1925 | D        | Identified the +5 hand axe of Cruel Justice {heavy, Drain
                  | Str+4 Stlth+}
  1942 | D        | Noticed a nagaraja
  1953 | D        | Killed a nagaraja
  1954 | D        | Reached XP level 13. HP: 30/154 MP: 12/12
  1956 | D        | Killed a ghost moth
  1956 | D        | Received a gift from Trog
  2063 | D        | Received a gift from Trog
  2109 | D        | Noticed an apis
  2110 | D        | Noticed a black draconian
  2111 | D        | Paralysed by a floating eye for 4 turns
  2115 | D        | Killed an apis
  2117 | D        | Killed a black draconian
  2158 | D        | Noticed a Hell Sentinel
  2168 | D        | Killed a Hell Sentinel
  2222 | D        | Noticed a quicksilver dragon
  2224 | D        | Killed a quicksilver dragon
  2225 | D        | Reached skill level 20 in Unarmed Combat
  2229 | D        | Noticed a titan
  2231 | D        | Killed a titan
  2231 | D        | Received a gift from Trog
  2232 | D        | Reached skill level 10 in Armour
  2235 | D        | Noticed an apis
  2239 | D        | Killed an apis
  2250 | D        | Noticed an azure jelly
  2255 | D        | Killed an azure jelly
  2306 | D        | Noticed a tentacled monstrosity
  2306 | D        | Noticed a fire dragon
  2306 | D        | Noticed a titan
  2306 | D        | Noticed a stone giant
  2306 | D        | Noticed an eidolon
  2306 | D        | Noticed an Executioner
  2306 | D        | Noticed an eidolon
  2317 | D        | Slain by an Executioner

Illustrated notes

Levels and vault maps discovered:
D:        pitsprint [storerooms_1, entrance_room_1, metal_vault_1, armoury_2,
          mini_pit_1, grid_room_1, main_hall_1, silver_pit, the_coven_1,
          the_vestibule_1, steel_vault_4, golden_pit, hallway_of_sentries,
          crystal_vault_3, iron_vault_1, final_vault]

Skill      XL: |  1  2  3  4  5  6  7  8  9 10 11 12 13 |
---------------+----------------------------------------+-----
Fighting       | 4 5 7 9 10 12 13 15 16 17 | 17.6
Dodging        | 4 5 6 7 8 10 12 13 15 16 17 | 17.4
Unarmed Combat | 5 6 8 9 10 12 14 15 17 19 20 | 20.4
Armour         | 4 8 10 | 10.5

Action                     |  1- 3 |  4- 6 |  7- 9 | 10-12 | 13-15 || total
---------------------------+-------+-------+-------+-------+-------++-------
  Melee: Unarmed           |     8 |    33 |    54 |   190 |    17 ||   302
         Punch             |     1 |       |     3 |    21 |     4 ||    29
 Invoke: Berserk           |       |     1 |       |     4 |     2 ||     7
         Brothers in Arms  |       |       |     2 |     9 |     6 ||    17
Ability: Evoke Invisibilit |       |       |       |     1 |       ||     1
    Use: Potion            |       |       |       |     6 |     1 ||     7
         Scroll            |       |       |       |     1 |     1 ||     2
   Stab: Sleeping          |     1 |       |       |       |       ||     1
         Invisible         |       |       |       |     1 |       ||     1
 Armour: Animal skin       |     9 |    21 |       |       |       ||    30
         Troll leather arm |       |       |    35 |   110 |    28 ||   173
         Skin              |       |       |     3 |       |       ||     3
  Dodge: Dodged            |     4 |    14 |    18 |   133 |    11 ||   180

Table legend: (Time is in decaauts)
 A = Elapsed time spent in this place.
 B = Non-inter-level travel time spent in this place.
 C = Inter-level travel time spent in this place.
 D = Time resting spent in this place.
 E = Time spent auto-exploring this place.
 F = Levels seen in this place.
 G = Mean time per level.
                   A        B        C        D        E       F      G
               +--------+--------+--------+--------+--------+-----+--------+
         Total |   2306 |   2176 |    130 |    699 |    394 |   1 | 2306.0 |
       Dungeon |   2306 |   2176 |    130 |    699 |    394 |   1 | 2306.0 |
               +--------+--------+--------+--------+--------+-----+--------+

Top non-repeatable levels by time:
       D: 2306 daAuts
